Map: Magannatha LE

Players

ManlyManMeat - Winner!

  • Race: Zerg Zerg
  • League: Diamond
  • Spawn Location: 11:00

RiderUA

  • Race: Terran Terran
  • League: Platinum
  • Spawn Location: 5:00

VOD

Have the link to the VOD?

Description

Time

  • Played on: July 1, 2025, 1:01 p.m.
  • Length: 16:47
Show
View Real Time Build Order
Export as new Build Order

ManlyManMeat Zerg - Winner!

Build Orders: Hatch First 

Get SALT Encoding   

  12  0:00  Drone  
  13  0:08  Drone  
  14  0:14  Extractor  
  14  0:16  Drone  
  15  0:22  Overlord  
  15  0:41  Drone  
  16  0:57  Hatchery  
  15  1:00  Drone  
  15  1:02  Drone  
  17  1:07  Drone  
  18  1:22  Spawning Pool  
  18  1:24  Extractor  
  16  1:29  Drone x2  
  18  1:46  Drone x2  
  20  2:00  Overlord  
  20  2:09  Queen x2  
  20  2:11  Zergling x2  
  20  2:13  Zergling x2  
  26  2:19  Drone  
  27  2:25  Drone  
  27  2:27  Metabolic Boost  
  28  2:42  Zergling x4  
  28  2:43  Zergling x4  
  32  2:51  Drone  
  32  2:53  Drone  
  34  3:02  Zergling x2  
  35  3:32  Hatchery  
  33  3:34  Overlord x4  
  33  3:41  Extractor  
  32  3:56  Drone x3  
  32  3:57  Drone x3  
  38  4:08  Zergling x10  
  41  4:19  Zergling x4  
  41  4:28  Zergling x2  
  39  4:40  Zergling x14  
  40  4:54  Queen  
  40  4:55  Zergling x2  
  40  4:56  Zergling x2  
  42  5:09  Drone x4  
  42  5:10  Baneling Nest, Drone x2  
  46  5:30  Queen  
  46  5:33  Drone x4  
  52  5:50  Lair  
  52  5:52  Evolution Chamber  
  52  5:54  Drone, Evolution Chamber  
  52  5:55  Drone x3, Overlord x2  
  52  5:56  Overlord  
  54  6:09  Queen  
  56  6:14  Drone x4  
  56  6:15  Drone  
  61  6:19  Extractor  
  61  6:20  Extractor  
  61  6:21  Roach Warren  
  57  6:41  Zerg Melee Weapons Level 1, Zerg Ground Armor Level 1  
  57  6:50  Centrifugal Hooks  
  57  6:55  Drone x4  
  57  6:56  Drone  
  57  6:57  Drone x2  
  57  6:58  Drone x2  
  66  7:07  Overseer  
  66  7:09  Drone x2  
  66  7:10  Drone x3  
  71  7:25  Drone x2  
  71  7:26  Zergling x8  
  71  7:27  Hatchery x2  
  75  7:39  Zergling x4  
  77  7:45  Zergling x10  
  77  7:47  Overlord x3  
  82  7:57  Hatchery  
  81  8:04  Baneling x11  
  81  8:05  Zergling x6  
  84  8:07  Hatchery  
  83  8:13  Zergling x10  
  88  8:24  Zergling x8  
  92  8:27  Baneling x6  
  79  9:02  Hydralisk Den  
  78  9:03  Zergling x30  
  92  9:19  Baneling x10  
  92  9:23  Extractor  
  91  9:24  Extractor  
  91  9:27  Drone x6  
  91  9:28  Zergling x14  
  103  9:33  Zergling x12  
  103  9:38  Zergling x6  
  108  9:52  Zergling x10  
  111  9:53  Zergling x20  
  111  9:55  Muscular Augments  
  111  9:57  Overlord x2  
  118  10:07  Hydralisk x2  
  118  10:09  Overlord x6  
  119  10:18  Hydralisk  
  119  10:19  Hydralisk x6  
  130  10:32  Hydralisk x4  
  134  10:44  Spore Crawler  
  134  10:45  Spore Crawler x2  
  134  10:46  Spore Crawler  
  126  11:03  Hydralisk x6  
  122  11:19  Drone x2  
  122  11:20  Drone x2  
  123  11:53  Hydralisk  
  123  11:54  Hydralisk x7  
  135  12:19  Drone x3  
  135  12:20  Drone x3  
  141  12:31  Drone x2  
  141  12:32  Drone  
  141  12:33  Extractor  
  141  12:34  Drone x2  
  141  12:35  Drone  
  141  12:36  Drone x3  
  149  12:37  Drone x2, Extractor  
  149  12:38  Drone  
  151  12:47  Extractor  
  151  12:48  Extractor  
  149  13:51  Spire  
  148  15:05  Corruptor x19  
Show
View Real Time Build Order
Export as new Build Order

RiderUA Terran 

Build Orders: Command Center First 

Get SALT Encoding   

  12  0:05  SCV  
  13  0:17  SCV  
  13  0:20  Supply Depot  
  14  0:33  SCV  
  15  0:40  Engineering Bay  
  14  0:59  SCV  
  15  1:14  Command Center  
  15  1:25  Barracks  
  15  1:34  Supply Depot  
  15  1:37  SCV  
  16  1:49  Refinery, SCV  
  18  2:01  SCV  
  18  2:07  Barracks  
  18  2:13  SCV  
  18  2:15  Marine  
  20  2:27  Barracks  
  20  2:30  SCV  
  20  2:34  Marine  
  22  2:45  SCV  
  23  2:51  Marine  
  23  2:58  Engineering Bay  
  24  3:04  Marine  
  25  3:09  Marine  
  26  3:15  Barracks, Marine  
  26  3:19  SCV  
  28  3:22  Marine  
  29  3:27  Marine  
  29  3:32  SCV  
  29  3:33  Marine  
  32  3:44  Planetary Fortress  
  32  3:49  Marine x2  
  32  3:53  Orbital Command  
  34  3:58  Refinery, Marine  
  33  4:11  Marine x2  
  33  4:16  Marine  
  19  4:36  Marine  
  19  4:37  Marine x2  
  12  5:21  SCV  
  13  5:26  SCV  
  14  5:33  SCV  
  15  5:38  SCV  
  16  5:45  SCV  
  17  5:50  SCV  
  18  5:57  SCV  
  18  5:59  Factory  
  18  6:02  SCV  
  20  6:09  SCV  
  21  6:17  SCV  
  22  6:21  SCV  
  23  6:29  SCV  
  24  6:33  SCV  
  25  6:50  Factory Tech Lab  
  25  7:07  Starport  
  25  7:14  SCV  
  27  7:15  SCV  
  27  7:20  Marine x2  
  29  7:26  SCV  
  29  7:27  SCV  
  31  7:38  Supply Depot, SCV  
  31  7:39  SCV  
  33  7:51  Starport Tech Lab  
  33  7:52  Starport  
  33  7:55  Fusion Core  
  33  7:57  SCV  
  34  8:02  Refinery  
  34  8:05  Refinery  
  34  8:09  SCV  
  35  8:14  SCV  
  36  8:20  Viking  
  36  8:21  SCV  
  39  8:27  SCV  
  39  8:29  Starport Tech Lab  
  39  8:34  SCV  
  41  8:44  Supply Depot  
  36  8:49  Battlecruiser  
  29  9:07  Supply Depot  
  29  9:14  SCV  
  30  9:23  Marine  
  30  9:24  Marine  
  33  9:41  Marine  
  33  9:43  Battlecruiser  
  14  10:07  Barracks Reactor  
  14  10:46  SCV  
  15  10:58  SCV  
  10  11:39  SCV  
Tags
 
Add a new tag
Caveats
  • Supply blocks, unpowered buildings, or Contaminate may cause inaccurate times.
  • Supply counts are checked every 10 seconds.